 Dungeon Crawl Stone Soup version 0.28.0 (webtiles) character file.

Game seed: 3781914864863834652

39138 mkm the Severer (level 13, -18/124 HPs)
             Began as a Minotaur Berserker on Feb 9, 2022.
             Was a High Priest of Trog.
             Demolished by a titanic slime creature (45 damage)
             ... on level 13 of the Dungeon.
             The game lasted 00:47:45 (15248 turns).

mkm the Severer (Minotaur Berserker)               Turns: 15248, Time: 00:47:46

Health: -18/124    AC: 29    Str: 26    XL:     13   Next: 67%
Magic:  12/12      EV: 10    Int:  4    God:    Trog [*****.]
Gold:   738        SH:  0    Dex: 15    Spells: 12/12 levels left

rFire   . . .      SeeInvis .   M - +1 battleaxe (venom)
rCold   . . .      Faith    +   (shield currently unavailable)
rNeg    . . .      Spirit   .   U - +2 plate armour {Will+}
rPois   .          Reflect  .   (helmet restricted)
rElec   .          Harm     .   i - +0 cloak
rCorr   .          Rampage  .   h - +1 pair of gloves
Will    +....                   m - +1 pair of boots of Estukaar {Regen+ Str+4 Stlth-}
Stlth   ..........              F - amulet of faith
HPRegen 1.10/turn               B - +4 ring of protection
MPRegen 0.13/turn               K - +4 ring of slaying

@: marked
A: horns 2, retaliatory headbutt
a: Renounce Religion, Berserk, Trog's Hand, Brothers in Arms


You were on level 13 of the Dungeon.
You worshipped Trog.
Trog was extremely pleased with you.
You visited 2 branches of the dungeon, and saw 17 of its levels.

You collected 939 gold pieces.
You spent 201 gold pieces at shops.

Inventory:

Hand Weapons
 a - a +0 mace
 q - the +8 short sword "Grom" {vorpal, rElec rC+ Will+}
   (You found it on level 4 of the Dungeon)

   It inflicts extra damage upon your enemies.
   rC:        It protects you from cold.
   rElec:     It insulates you from electricity.
   Will:      It increases your willpower.
 M - a +1 battleaxe of venom (weapon)
 V - a +1 vorpal war axe
Armour
 d - an orb of light
 h - a +1 pair of gloves (worn)
 i - a +0 cloak (worn)
 m - the +1 pair of boots of Estukaar (worn) {Regen+ Str+4 Stlth-}
   (You found it on level 4 of the Dungeon)

   Str:       It affects your strength (+4).
   Regen:     It increases your rate of health regeneration.
   Stlth:     It makes you less stealthy.
 y - a +1 buckler of protection
 G - +0 acid dragon scales
 U - a +2 plate armour of willpower (worn)
Jewellery
 p - a ring of fire
 B - a +4 ring of protection (left hand)
 C - an amulet of regeneration
 F - an amulet of faith (around neck)
 I - a ring of protection from cold
 K - a +4 ring of slaying (right hand)
 P - a ring of protection from cold
 R - a ring of resist corrosion
Wands
 k - a wand of mindburst (8)
 v - a wand of iceblast (20)
 w - a wand of polymorph (15)
 x - a wand of flame (14)
 E - a wand of digging (6)
Scrolls
 e - 9 scrolls of teleportation
 g - 3 scrolls of magic mapping
 n - 4 scrolls of blinking
 r - a scroll of noise {unknown}
 u - a scroll of enchant armour
 A - 2 scrolls of immolation
 D - a scroll of enchant weapon
 H - a scroll of fog {unknown}
 L - 2 scrolls of acquirement
 O - a scroll of vulnerability {unknown}
 Q - a scroll of fear {unknown}
Potions
 c - 5 potions of haste
 f - 3 potions of resistance
 j - 5 potions of might
 l - a potion of lignification
 o - 2 potions of invisibility
 s - 3 potions of ambrosia
 z - 3 potions of flight
 J - a potion of curing
 N - 2 potions of berserk rage
 S - a potion of brilliance {unknown}
 T - 2 potions of mutation {unknown}


   Skills:
 + Level 14.0 Fighting
 + Level 18.1(18.3) Axes
 - Level 3.6(12.4) Maces & Flails
 + Level 15.2 Armour
 + Level 6.0 Dodging
 + Level 4.3 Shields
 + Level 0.6 Evocations


You had 12 spell levels left.
You didn't know any spells.
Your spell library was empty.

Dungeon Overview and Level Annotations

Branches:
Dungeon (13/15)            Temple (0/1) D:7            Lair (4/6) D:11
  Swamp (0/4) Lair:3       Spider (0/4) Lair:4          Orc (0/2) D:12
 Vaults: D:13-14

Altars:
Ashenzari
Gozag
Kikubaaqudgha
Qazlal
Trog
Zin
Beogh

Shops:
D:12 (

Annotations:
D:9 exclusion: obsidian statue
Lair:3 exclusion: oklob plant


Innate Abilities, Weirdness & Mutations

You have a pair of horns on your head.
You reflexively headbutt those who attack you in melee.


Message History

Two slime creatures merge to form a very large slime creature.
A slime creature comes into view. x2
You slice the very large slime creature!!
The very large slime creature looks as sick as possible!
The very large slime creature is lightly wounded.
The very large slime creature hits you!!
You hit the very large slime creature.
The very large slime creature is moderately wounded.
The very large slime creature barely misses you.
You furiously retaliate!
You headbutt the very large slime creature!
You hit the very large slime creature.
The very large slime creature is moderately wounded.
Two slime creatures merge to form an enormous slime creature.
You hit the enormous slime creature.
The enormous slime creature is moderately wounded.
Two slime creatures merge to form a titanic slime creature.
Press: ? - help, v - describe, . - travel The floor.
You completely miss the titanic slime creature.
The titanic slime creature is moderately wounded.
A brown ugly thing comes into view.
You slice the titanic slime creature!!
The titanic slime creature looks as sick as possible!
The titanic slime creature is moderately wounded.
You hit the titanic slime creature.
The titanic slime creature is moderately wounded.
You hit the titanic slime creature.
The titanic slime creature is moderately wounded.
The titanic slime creature completely misses you.
You slash the titanic slime creature!
The titanic slime creature is moderately wounded.
The titanic slime creature hits you!!!!
Ouch! That really hurt!
* * * LOW HITPOINT WARNING * * *
You slash the titanic slime creature!
You headbutt the titanic slime creature.
The titanic slime creature is heavily wounded.
The titanic slime creature hits you!!!
You die...

#.........# .......
#.........## .J.....
#.>........# ..J....
###........# .J.....
#........# .......
#........# .......
#........#
.......##########........#
.........u.J@............#
.....##################..#
... #### .


You could see a brown ugly thing and a titanic slime creature (extremely
poisoned).

Vanquished Creatures
  Kirke (D:12)
  A boulder beetle (D:13)
  2 centaur warriors
  A catoblepas (Lair:4)
  4 two-headed ogres
  3 death yaks (Lair:4)
  A wizard (D:12)
  A manticore (D:11)
  A cyclops (D:8)
  Joseph (D:7)
  A gargoyle (D:12)
  A black mamba (Lair:2)
  7 cane toads
  An unseen horror (D:10)
  2 rime drakes
  A tengu conjurer (D:8)
  12 komodo dragons
  A meliai (Lair:4)
  A hornet (D:8)
  2 trolls
  8 blink frogs
  Sigmund (D:5)
  A shadow (D:10)
  2 wyverns
  2 vampires
  29 yaks
  2 wraiths (D:11)
  3 basilisks
  3 hogs (D:12)
  6 vampire mosquitoes
  Menkaure (D:7)
  3 wargs (D:11)
  Edmund (D:6)
  Duvessa (D:7)
  2 acid dragons (D:10)
  11 water moccasins
  An ice beast (D:8)
  5 orc warriors
  2 sky beasts
  3 black bears
  2 necrophages
  10 wolves
  3 ogres
  A centaur (D:9)
  2 kobold brigands
  9 bullfrogs
  2 scorpions
  Dowan (D:7)
  15 killer bees
  7 howler monkeys
  A bullfrog zombie (D:6)
  3 jellies
  6 centaur zombies
  2 centaur skeletons
  A hound (D:5)
  3 orc priests
  2 bullfrog skeletons
  3 iguanas
  4 orc wizards
  A hound skeleton (D:4)
  10 gnolls
  6 adders
  A howler monkey skeleton (D:7)
  2 white imps (D:8)
  An adder skeleton (D:5)
  5 worms
  A dart slug (D:2)
  22 orcs
  9 ball pythons
  10 bats
  11 endoplasms
  5 giant cockroaches
  4 goblins (D:1)
  14 hobgoblins
  5 jackals (D:1)
  13 kobolds
  4 quokkas
  3 frilled lizards (D:2)
  7 rats (D:1)
  3 butterflies (Lair:4)
346 creatures vanquished.

Vanquished Creatures (collateral kills)
  Jorgrun (D:12)
  6 hydras
  A wyvern (Lair:2)
  A yak (Lair:2)
  A hog (D:12)
  A vampire mosquito (D:12)
  A water moccasin (Lair:3)
  4 orc warriors (D:12)
  A black bear (Lair:2)
  An orc priest (D:12)
  An iguana (Lair:3)
  13 orcs (D:12)
32 creatures vanquished.

Vanquished Creatures (others)
  A human (D:9)
  3 fungi (Lair:3)
  11 plants
15 creatures vanquished.

Grand Total: 393 creatures vanquished

Notes
Turn   | Place    | Note
-------+----------+-------------------------------------------
     0 | D:1      | mkm the Minotaur Berserker began the quest for the Orb.
     0 | D:1      | Reached XP level 1. HP: 19/19 MP: 0/0
    66 | D:1      | Reached XP level 2. HP: 27/27 MP: 1/1
   647 | D:1      | Reached XP level 3. HP: 34/34 MP: 2/2
  1128 | D:1      | Reached ** piety under Trog
  1374 | D:2      | Reached skill level 5 in Fighting
  1388 | D:2      | Identified the +1 dagger of Suxuohuc {drain, rN+}
  1485 | D:2      | Reached XP level 4. HP: 35/42 MP: 3/3
  1741 | D:2      | You fall into a shaft and drop 1 floor!
  1986 | D:2      | Reached XP level 5. HP: 48/48 MP: 4/4
  2546 | D:3      | Found a faded altar of an unknown god.
  2599 | D:3      | Noticed a black bear
  2603 | D:3      | Killed a black bear
  2788 | D:4      | Reached XP level 6. HP: 57/57 MP: 5/5
  2820 | D:4      | Identified the +1 pair of boots of Estukaar {Regen+ Str+4
                  | Stlth-}
  3001 | D:4      | Reached *** piety under Trog
  3002 | D:4      | Reached skill level 5 in Armour
  3313 | D:4      | Identified the +8 short sword "Grom" {vorpal, rElec rC+
                  | Will+}
  3426 | D:5      | Entered Level 5 of the Dungeon
  3437 | D:5      | Noticed a sky beast
  3439 | D:5      | Reached XP level 7. HP: 64/64 MP: 6/6
  3609 | D:5      | Noticed Sigmund
  3614 | D:5      | Killed Sigmund
  3615 | D:5      | Reached XP level 8. HP: 74/74 MP: 7/7
  3648 | D:5      | Reached skill level 5 in Dodging
  4017 | D:6      | Reached skill level 1 in Axes
  4029 | D:6      | Noticed Edmund
  4035 | D:6      | Killed Edmund
  4036 | D:6      | Reached skill level 2 in Axes
  4094 | D:6      | Reached skill level 3 in Axes
  4453 | D:6      | Reached skill level 4 in Axes
  4816 | D:7      | Reached skill level 5 in Axes
  4822 | D:7      | Noticed Joseph
  4847 | D:7      | Killed Joseph
  4848 | D:7      | Reached skill level 6 in Axes
  4848 | D:7      | Reached XP level 9. HP: 39/82 MP: 8/8
  4913 | D:7      | Noticed Menkaure
  4923 | D:7      | Killed Menkaure
  5100 | D:7      | Reached skill level 7 in Axes
  5133 | D:7      | Found a staircase to the Ecumenical Temple.
  5142 | D:7      | Noticed Dowan
  5161 | D:7      | Noticed Duvessa
  5165 | D:7      | Reached **** piety under Trog
  5172 | D:7      | Killed Duvessa
  5181 | D:7      | Killed Dowan
  5182 | D:7      | Reached skill level 8 in Axes
  5767 | D:7      | Found a broken altar of Ashenzari.
  6194 | D:8      | Reached skill level 9 in Axes
  6209 | D:8      | Reached skill level 10 in Armour
  6233 | D:8      | Noticed a centaur warrior
  6234 | D:8      | Noticed a tengu conjurer
  6260 | D:8      | Killed a tengu conjurer
  6270 | D:8      | Killed a centaur warrior
  6271 | D:8      | Reached skill level 10 in Axes
  6271 | D:8      | Reached XP level 10. HP: 63/92 MP: 9/9
  6324 | D:8      | Noticed a cyclops
  6337 | D:8      | Killed a cyclops
  6492 | D:8      | Reached skill level 1 in Shields
  7010 | D:9      | Reached skill level 10 in Fighting
  7010 | D:9      | Reached skill level 11 in Axes
  7034 | D:9      | Found an ancient bone altar of Kikubaaqudgha.
  7058 | D:9      | Noticed an obsidian statue
  7094 | D:9      | Found an opulent altar of Gozag.
  7094 | D:9      | Found a bloodstained altar of Trog.
  7977 | D:10     | Entered Level 10 of the Dungeon
  8059 | D:10     | Noticed a two-headed ogre
  8072 | D:10     | Killed a two-headed ogre
  8073 | D:10     | Reached skill level 12 in Axes
  8137 | D:10     | Reached XP level 11. HP: 21/101 MP: 10/10
  8274 | D:10     | Noticed a two-headed ogre
  8287 | D:10     | Killed a two-headed ogre
  8457 | D:10     | Found a glowing silver altar of Zin.
  8472 | D:10     | Found a stormy altar of Qazlal.
  8764 | D:11     | Noticed a two-headed ogre
  8781 | D:11     | Killed a two-headed ogre
  9084 | D:11     | Identified the +1 ring mail "Bosuczip" {Dex+4}
  9228 | D:11     | Reached skill level 13 in Axes
  9244 | D:11     | Found a staircase to the Lair.
  9495 | D:11     | Identified 3 scrolls of acquirement
  9495 | D:11     | Acquired a +0 battleaxe of venom
  9553 | Lair:1   | Entered Level 1 of the Lair of Beasts
  9721 | Lair:1   | Reached ***** piety under Trog
  9829 | Lair:1   | Reached skill level 14 in Axes
 10275 | Lair:1   | Reached XP level 12. HP: 110/111 MP: 11/11
 10990 | Lair:2   | Reached skill level 15 in Axes
 11008 | Lair:2   | Noticed a six-headed hydra
 11012 | Lair:2   | Killed a six-headed hydra
 11263 | Lair:2   | Noticed a five-headed hydra
 11268 | Lair:2   | Killed a five-headed hydra
 11305 | Lair:2   | Noticed a seven-headed hydra
 11317 | Lair:2   | Killed a seven-headed hydra
 11337 | Lair:2   | Noticed a four-headed hydra
 11342 | Lair:2   | Killed a four-headed hydra
 11924 | Lair:3   | Reached skill level 16 in Axes
 12013 | Lair:3   | Found a staircase to the Swamp.
 12013 | Lair:3   | Noticed a four-headed hydra
 12018 | Lair:3   | Killed a four-headed hydra
 12104 | Lair:3   | You fall into a shaft and drop 1 floor!
 12533 | Lair:3   | Reached XP level 13. HP: 119/119 MP: 12/12
 13404 | Lair:4   | Reached skill level 17 in Axes
 13636 | Lair:4   | Found a hole to the Spider Nest.
 14311 | D:12     | Noticed Jorgrun
 14329 | D:12     | Killed Jorgrun
 14361 | D:12     | Found a staircase to the Orcish Mines.
 14502 | D:12     | Noticed Kirke
 14518 | D:12     | Killed Kirke
 14519 | D:12     | Reached skill level 15 in Armour
 14583 | D:12     | Found Xurpheugu's Antique Weapon Boutique.
 14589 | D:12     | Bought a runed war axe for 201 gold pieces
 15015 | D:13     | Reached skill level 18 in Axes
 15248 | D:13     | Demolished by a titanic slime creature

Illustrated notes

Levels and vault maps discovered:
D:1:      dpeg_arrival_ratfight, layout_basic
D:2:      layout_basic
D:3:      layout_basic, shapermc_ecumenical_altar_pompeii
D:4:      layout_loops_cross
D:5:      layout_cave_pools, uniq_sigmund
D:6:      layout_gridville, uniq_edmund
D:7:      layout_basic, cheibrodos_ashenzari_chains, temple_fountains,
          uniq_joseph, uniq_menkaure, uniq_duvessa
D:8:      kennysheep_blocky_room, layout_basic
D:9:      layout_loops_ring, tgw_kikubaaqudgha,
          gammafunk_temple_overflow_elements, minivault_16,
          kennysheep_generic_room_3
D:10:     layout_rooms, nicolae_overflow_hidden_temple
D:11:     layout_gridville, erik_lair_orcish_takeover
D:12:     layout_irregular_city, david_orc_5, serial_shops,
          nicolae_shop_hallway_stairs, chequers_garden, grunt_decor_one_mirror,
          uniq_kirke, uniq_jorgrun
D:13:     layout_irregular_city, hangedman_abyss_or_decor_passed
Lair:1:   layout_layer_cave, grunt_megastairs_3
Lair:2:   layout_loops_ring, guppyfry_lair_drakes
Lair:3:   layout_loops_ring, minmay_swamp_entry_reptiles
Lair:4:   beast_lair_carwin_large_3, layout_cave_pods,
          hellmonk_spider_entry_not_the_bees, grunt_megastairs_1,
          serial_bayou_shore_a, lemuel_fruit_fields

Skill      XL: |  1  2  3  4  5  6  7  8  9 10 11 12 13 |
---------------+----------------------------------------+-----
Fighting       | 4 5 6 7 8 9 10 11 12 14 | 14.0
Armour         | 3 4 5 7 8 10 11 12 14 15 | 15.2
Dodging        | 3 4 5 6 |  6.0
Axes           | 6 10 12 14 16 18 | 18.1
Shields        | 2 4 |  4.3
Maces & Flails | |  3.6
Evocations     | |  0.6

Action                   |  1- 3 |  4- 6 |  7- 9 | 10-12 | 13-15 || total
-------------------------+-------+-------+-------+-------+-------++-------
Melee: Mace              |    83 |    86 |    31 |       |       ||   200
       Headbutt          |    12 |    17 |    65 |   113 |    30 ||   237
       War axe           |       |       |   169 |   253 |       ||   422
       Battleaxe         |       |       |       |   201 |   126 ||   327
Invok: Trog's Hand       |       |     2 |     4 |     6 |     3 ||    15
       Berserk           |       |       |       |     2 |       ||     2
       Brothers in Arms  |       |       |       |     4 |     3 ||     7
Evoke: Wand              |       |       |       |     2 |     3 ||     5
  Use: Scroll            |     1 |     5 |     3 |     4 |     5 ||    18
       Potion            |       |     1 |       |     4 |       ||     5
Armor: Animal skin       |     5 |       |       |       |       ||     5
       Ring mail         |    21 |     8 |       |     1 |       ||    30
       Chain mail        |       |    28 |   144 |   135 |       ||   307
       Plate armour      |       |       |       |   144 |   105 ||   249
Dodge: Dodged            |    52 |    58 |   128 |   201 |    60 ||   499
Block: Buckler           |       |       |       |    63 |       ||    63
